 Dungeon Crawl Stone Soup version 0.21.1-1-g345015f (webtiles) character file.

70 letownia2 the Conjurer (level 4, -2/30 HPs)
             Began as a Demonspawn Wizard on Feb 10, 2018.
             Slain by a phantom (7 damage)
             ... on level 3 of the Dungeon.
             The game lasted 00:04:42 (2233 turns).

letownia2 the Conjurer (Demonspawn Wizard)          Turns: 2233, Time: 00:04:43

Health: -2/30      AC:  2    Str:  8    XL:     4   Next: 4%
Magic:  7/8        EV: 12    Int: 19    God:
Gold:   48         SH:  0    Dex: 12    Spells: 2/9 levels left

rFire    . . .     SeeInvis .   f - -3 short sword (curse)
rCold    . . .     Gourm    .   (no shield)
rNeg     . . .     Faith    .   a - +0 robe
rPois    .         Spirit   .   b - +0 hat
rElec    .         Reflect  .   (no cloak)
rCorr    .         Harm     .   (no gloves)
MR       .....                  (no boots)
Stlth    ++++......             (no amulet)
HPRegen  0.10/turn              (no ring)
MPRegen  0.11/turn              (no ring)

@: no status effects
A: nightstalker 2
a: no special abilities


You were on level 3 of the Dungeon.
You were very hungry.

You visited 1 branch of the dungeon, and saw 4 of its levels.

You collected 48 gold pieces.

Inventory:

Hand Weapons
 f - a cursed -3 short sword (weapon)
 l - a +0 hand axe
Armour
 a - a +0 robe (worn)
 b - a +0 hat (worn)
 n - a +0 large shield
Scrolls
 e - a scroll of fear {unknown}
 h - 5 scrolls of remove curse
 m - a scroll of noise {unknown}
Potions
 g - a potion of curing {unknown}
 j - a potion of ambrosia {unknown}
 k - a potion of heal wounds
Books
 c - a book of Minor Magic

   Spells                             Type                      Level
   a - Magic Dart                     Conjuration                  1
   b - Blink                          Translocation                2
   c - Call Imp                       Summoning                    2
   d - Slow                           Hexes                        2
   e - Conjure Flame                  Conjuration/Fire             3
   f - Mephitic Cloud                 Conjuration/Poison/Air       3
Comestibles
 d - 3 rations
 i - a chunk of flesh


   Skills:
 - Level 1.7 Dodging
 - Level 1.7 Stealth
 - Level 3.0 Spellcasting
 + Level 3.4 Conjurations
   Level 1.0 Summonings
   Level 0.8 Translocations
 + Level 0.6 Fire Magic
 + Level 0.6 Air Magic
 + Level 0.7 Poison Magic


You had 2 spell levels left.
You knew the following spells:

 Your Spells              Type           Power        Failure   Level  Hunger
a - Magic Dart            Conj           ###.         3%          1    None
c - Conjure Flame         Conj/Fire      ##......     21%         3    ###....
e - Mephitic Cloud        Conj/Pois/Air  #.......     24%         3    ###....


Dungeon Overview and Level Annotations

Branches:
Dungeon (4/15)
 Temple: D:4-7

Altars:
Fedhas

Annotations:
D:2 Terence


Innate Abilities, Weirdness & Mutations

You are significantly more attuned to the shadows.


Message History

Things that are here:
a dagger; a goblin corpse You butcher the goblin corpse.
The leopard gecko bites you. The kobold hits you with a dagger.
* * * LOW HITPOINT WARNING * * *
The leopard gecko closely misses you.
Things that are here:
a dagger; a chunk of flesh
Okay, then.
i - a chunk of flesh The kobold barely misses you.
The leopard gecko barely misses you.
The leopard gecko bites you but does no damage.
The leopard gecko bites you.
* * * LOW HITPOINT WARNING * * *
The leopard gecko bites you.
* * * LOW HITPOINT WARNING * * *
The phantom blinks!
There is a stone staircase leading down here.
The phantom hits you!
You die...

###.#W########.##
#....## #.#
#.#### #.# #K#
##'## #.# ##...##
#.# ## ##.....#
#.##.## ##.......
#####l#...#
#........
....W@.....
+......<.
#####.#...#
#........ #.##.##
##....... ##.####
##.....# #...#
##...##
###.#.#### ###'##
#.......... ....#
#.##.###..# #..#
#.##.# #..####
#..##


You could see a phantom, a leopard gecko and a kobold.

Vanquished Creatures
  An orc priest (D:3)
  An adder (D:3)
  3 orcs
  A giant cockroach (D:2)
  3 goblins
  2 hobgoblins (D:1)
  4 jackals (D:1)
  3 kobolds
  A quokka (D:2)
  4 bats
  3 frilled lizards
  A rat (D:1)
27 creatures vanquished.

Notes
Turn   | Place    | Note
-------+----------+-------------------------------------------
     0 | D:1      | letownia2 the Demonspawn Wizard began the quest for the Orb.
     0 | D:1      | Reached XP level 1. HP: 13/13 MP: 4/4
   566 | D:1      | Gained mutation: You are slightly more attuned to the shadows. [demonic ancestry]
   566 | D:1      | Reached XP level 2. HP: 15/19 MP: 4/6
  1206 | D:2      | Noticed Terence
  1328 | D:3      | Found a blossoming altar of Fedhas.
  1427 | D:3      | Reached XP level 3. HP: 24/24 MP: 2/7
  1432 | D:3      | Learned a level 3 spell: Mephitic Cloud
  1436 | D:3      | Learned a level 3 spell: Conjure Flame
  2060 | D:3      | Gained mutation: You are significantly more attuned to the shadows. [demonic ancestry]
  2060 | D:3      | Reached XP level 4. HP: 30/30 MP: 5/8
  2172 | D:4      | Noticed a phantom
  2233 | D:3      | Slain by a phantom

Skill      XL: |  1  2 |
---------------+-------+-----
Conjurations   | 2 3 |  3.4
Dodging        | |  1.7
Stealth        | |  1.7
Spellcasting   | |  3.0
Summonings     | |  1.0
Translocations | |  0.8
Fire Magic     | |  0.6
Air Magic      | |  0.6
Poison Magic   | |  0.7

Action                   |  1- 3 |  4- 6 || total
-------------------------+-------+-------++-------
Melee: Unarmed           |    14 |       ||    14
       Short sword       |     1 |     1 ||     2
 Cast: Magic Dart        |    74 |     8 ||    82
       Mephitic Cloud    |     2 |       ||     2
  Use: Scroll            |     4 |       ||     4
 Stab: Confused          |     1 |       ||     1
  Eat: Chunk             |     2 |     1 ||     3
Armor: Robe              |    21 |     2 ||    23
Dodge: Dodged            |    62 |     5 ||    67
